 Dungeon Crawl Stone Soup version 0.31.0-32-g396128a36d (webtiles) character file.

Game seed: 1981997077800911277

1649 Marvel the Spear-Bearer (level 9, -1/75 HPs)
             Began as a Hill Orc Fighter on Mar 23, 2024.
             Killed from afar by a steam dragon (10 damage)
             ... with a ball of steam
             ... on level 6 of the Dungeon.
             The game lasted 00:07:04 (3962 turns).

Marvel the Spear-Bearer (Hill Orc Fighter)          Turns: 3962, Time: 00:07:04

Health: -1/75      AC: 11    Str: 29    XL:     9   Next: 0%
Magic:  9/9        EV: 10    Int:  8    God:
Gold:   229        SH:  4    Dex: 10    Spells: 8/8 levels left

rFire   . . .        f - +1 spear (flame)
rCold   . . .        c - +0 buckler
rNeg    + . .        b - +0 scale mail
rPois   .            h - +0 helmet {SInv}
rElec   .            (no cloak)
rCorr   .            q - +0 pair of gloves
SInv    +            p - +0 pair of boots
Will    .....        g - amulet of faith Stlth
                     u - +6 ring of strength
HPRegen 0.32/turn    A - ring of positive energy
MPRegen 0.11/turn

%: faith
@: mighty, lethally poisoned (-1 -> -2), slowed, very slow
A: no striking features
a: no special abilities


You were on level 6 of the Dungeon.
You visited 1 branch of the dungeon, and saw 6 of its levels.

You collected 229 gold pieces.

Inventory:

Hand Weapons
 a - a +0 war axe
 e - a +1 dagger of electrocution
 f - a +1 spear of flaming (weapon)
Missiles
 i - 10 boomerangs (quivered)
 r - 9 poisoned darts
Armour
 b - a +0 scale mail (worn)
 c - a +0 buckler (worn)
 h - a +0 helmet of see invisible (worn)
 p - a +0 pair of boots (worn)
 q - a +0 pair of gloves (worn)
Jewellery
 g - an amulet of faith (around neck)
 k - an amulet of magic regeneration
 u - a +6 ring of strength (left hand)
 A - a ring of positive energy (right hand)
Wands
 t - a wand of paralysis (12)
Scrolls
 s - a scroll of vulnerability {unknown}
 v - a scroll of fog {unknown}
 w - 2 scrolls of identify
 y - a scroll of silence {unknown}
 z - a scroll of blinking
 B - 2 scrolls of enchant armour {unknown}
Potions
 d - 2 potions of might
 j - a potion of heal wounds {unknown}
 l - a potion of mutation {unknown}
 m - a potion of resistance
 n - 3 potions of curing
 o - a potion of berserk rage
 x - a potion of degeneration {unknown}


   Skills:
 + Level 5.9 Fighting
 - Level 2.7(7.3) Axes
 * Level 9.0(9.2) Polearms
 + Level 0.1 Throwing
 + Level 6.3 Armour
 + Level 1.2 Stealth
 + Level 4.7 Shields


You had 8 spell levels left.
You didn't know any spells.
Your spell library contained the following spells:

 Spells                   Type           Power      Damage    Failure   Level
 Ensorcelled Hibernation  Hex/Ice        0%         N/A       83%         2
 Fugue of the Fallen      Necr           0%         N/A       96%         3
 Hailstorm                Conj/Ice       0%         3d5       96%         3
 Summon Ice Beast         Ice/Summ       0%         N/A       96%         3
 Anguish                  Hex/Necr       0%         N/A       100%        4
 Sculpt Simulacrum        Ice/Alch       0%         N/A       100%        6


Dungeon Overview and Level Annotations

Branches:
Dungeon (6/15)             Temple (0/1) D:5

Altars:
Fedhas
Sif Muna
Trog
Yredelemnul


Message History

The ufetubus barely misses you.
You barely miss the kobold brigand.
The kobold brigand is moderately wounded.
You feel sick. The ufetubus barely misses you. x2
The kobold barely misses you.
The kobold brigand hits you but does no damage.
The kobold hits you but does no damage.
You puncture the kobold brigand! You burn the kobold brigand.
The kobold brigand is severely wounded.
You feel sick. The ufetubus slips past you!
The ufetubus hits you but does no damage.
The ufetubus barely misses you. The kobold hits you but does no damage.
The kobold hits you with a +0 whip.
The kobold brigand hits you but does no damage.
The ufetubus barely misses you. You block the ufetubus's attack.
You closely miss the kobold brigand.
The kobold brigand is severely wounded.
You feel sick. The ufetubus barely misses you.
The ufetubus hits you but does no damage.
The kobold misses you. You block the kobold brigand's attack.
You block the kobold's attack. The steam dragon breathes steam at you.
The ball of steam hits you!
The ball of steam hits the ufetubus!
You hear an angry hiss.
You feel very mighty all of a sudden.
You are engulfed in a cloud of scalding steam.
* * * LOW HITPOINT WARNING * * *
You feel sick.
The ufetubus is engulfed in a cloud of scalding steam.
The ufetubus dies!
You block the kobold's attack. The kobold hits you but does no damage.
The steam dragon bites you!
* * * LOW HITPOINT WARNING * * *
The steam dragon claws you but does no damage.
The kobold brigand hits you but does no damage.
The kobold brigand hits you with a +0 short sword.
* * * LOW HITPOINT WARNING * * *
The steam dragon breathes steam at you. The ball of steam hits you!
You die...

.. ###+###......# ../#
..# #........>...#
....###.###.........)...
.....#..............###.
.............).....###.
.##............##....##.
..............###.......
......DK.......##.#..##.
......K@).)†...#..#.....
...#..K.§..............#
#.....§...##...)....#
##..>......[.......##
....[.........####..#
.......#....##.# ...
.......##.#####.# ..
.......#..# ... . ...


You could see a steam dragon (catching breath), a kobold brigand and 2 kobolds.

Vanquished Creatures
  Pikel (D:5)
  Menkaure (D:6)
  Edmund (D:6)
  2 water moccasins (D:5)
  A black bear (D:5)
  An ice beast (D:5)
  An ogre (D:5)
  A scorpion (D:4)
  A howler monkey (D:5)
  A bombardier beetle (D:2)
  A gnoll bouda (D:6)
  2 hounds
  2 sleepcaps
  7 adders
  3 gnolls
  3 ufetubi
  A dart slug (D:4)
  2 ribbon worms (D:2)
  2 orcs
  7 bats
  6 endoplasms
  3 giant cockroaches
  9 goblins
  4 hobgoblins (D:1)
  10 kobolds
  7 quokkas
  3 ball pythons
  2 frilled lizards (D:1)
  7 rats
92 creatures vanquished.

Vanquished Creatures (others)
  An ufetubus (D:6)
1 creature vanquished.

Grand Total: 93 creatures vanquished

Notes
Turn   | Place    | Note
-------+----------+-------------------------------------------
     0 | D:1      | Marvel the Hill Orc Fighter began the quest for the Orb.
     0 | D:1      | Reached XP level 1. HP: 19/19 MP: 1/1
   218 | D:1      | Reached XP level 2. HP: 26/27 MP: 2/2
   389 | D:1      | Reached skill level 1 in Polearms
   458 | D:1      | Reached XP level 3. HP: 33/33 MP: 3/3
   938 | D:2      | Reached skill level 2 in Polearms
   949 | D:2      | Reached XP level 4. HP: 38/41 MP: 4/4
  1259 | D:2      | Reached skill level 3 in Polearms
  1322 | D:2      | Reached XP level 5. HP: 47/47 MP: 5/5
  1619 | D:3      | Found a bloodstained altar of Trog.
  1770 | D:3      | You fall into a shaft and drop 1 floor!
  1840 | D:3      | Found a shimmering blue altar of Sif Muna.
  2089 | D:4      | Reached skill level 4 in Polearms
  2259 | D:4      | Reached XP level 6. HP: 53/53 MP: 6/6
  2308 | D:4      | Identified the +0 ring mail of Inviolability {rPois rF-
                  | Str+3}
  2536 | D:5      | Entered Level 5 of the Dungeon
  2578 | D:5      | Found a staircase to the Ecumenical Temple.
  2653 | D:5      | Noticed a water moccasin
  2669 | D:5      | Killed a water moccasin
  2670 | D:5      | Reached skill level 5 in Polearms
  2739 | D:5      | Noticed a water moccasin
  2749 | D:5      | Killed a water moccasin
  2750 | D:5      | Reached XP level 7. HP: 50/60 MP: 7/7
  2791 | D:5      | Noticed Pikel
  2815 | D:5      | Killed Pikel
  2816 | D:5      | Reached skill level 5 in Fighting
  2816 | D:5      | Reached skill level 7 in Polearms
  2816 | D:5      | Reached skill level 5 in Armour
  2816 | D:5      | Reached XP level 8. HP: 37/68 MP: 8/8
  3040 | D:5      | Found a blossoming altar of Fedhas.
  3082 | D:5      | Reached skill level 8 in Polearms
  3276 | D:5      | Found a basalt altar of Yredelemnul.
  3518 | D:5      | Reached skill level 1 in Stealth
  3766 | D:6      | Noticed Menkaure
  3873 | D:6      | Noticed Edmund
  3876 | D:6      | Killed Menkaure
  3888 | D:6      | Killed Edmund
  3889 | D:6      | Reached skill level 9 in Polearms
  3951 | D:6      | Reached XP level 9. HP: 72/75 MP: 9/9
  3962 | D:6      | Killed from afar by a steam dragon

Illustrated notes

Levels and vault maps discovered:
D:1:      scummos_arrival_star, layout_loops_ring
D:2:      layout_rooms
D:3:      layout_rooms, lightli_temple_of_fire, lemuel_doored_altar
D:4:      layout_loops_ring
D:5:      layout_loops_corners, mainiacjoe_overflow_alcove_4,
          fedhas_ov_isle_minmay, minmay_temple_entry_statues,
          serial_bayou_lagoon_a, uniq_pikel
D:6:      layout_cave_pools, kennysheep_little_box, tso_oasis_becter,
          uniq_menkaure, uniq_edmund

Skill      XL: |  1  2  3  4  5  6  7  8 |
---------------+-------------------------+-----
Fighting       | 4 5 |  5.9
Polearms       | 1 2 3 4 5 7 9 |  9.0
Armour         | 4 5 6 |  6.3
Shields        | 4 |  4.7
Stealth        | 1 |  1.2
Axes           | |  2.7
Throwing       | |  0.1

Action                     |  1- 3 |  4- 6 |  7- 9 || total
---------------------------+-------+-------+-------++-------
  Melee: Spear             |   103 |   123 |   141 ||   367
         War axe           |     3 |       |       ||     3
  Throw: Boomerang         |       |       |     3 ||     3
    Use: Scroll            |     3 |     3 |       ||     6
         Potion            |       |       |     1 ||     1
 Armour: Scale mail        |    43 |    76 |   107 ||   226
  Dodge: Dodged            |    34 |    50 |    61 ||   145
  Block: Buckler           |    19 |    15 |    25 ||    59
